 Dungeon Crawl Stone Soup version 0.28.0-53-g5a82cb258f (webtiles) character file.

Game seed: 15405422413984982865

311 Peloso the Covered (level 6, -5/55 HPs)
             Began as a Minotaur Fighter on May 21, 2022.
             Was an Initiate of Okawaru.
             Slain by Pikel
             ... wielding a +1 whip of freezing
              (10 damage)
             ... on level 3 of the Dungeon.
             The game lasted 00:05:11 (3765 turns).

Peloso the Covered (Minotaur Fighter)               Turns: 3765, Time: 00:05:11

Health: -5/55      AC:  5    Str: 21    XL:     6   Next: 18%
Magic:  5/5        EV:  7    Int:  5    God:    Okawaru [......]
Gold:   144        SH:  6    Dex: 11    Spells: 5/5 levels left

rFire   . . .      SeeInvis .   a - +0 long sword
rCold   . . .      Faith    .   c - +1 buckler
rNeg    . . .      Spirit   .   r - +0 chain mail
rPois   .          Reflect  .   (helmet restricted)
rElec   .          Harm     .   (no cloak)
rCorr   .          Rampage  .   (no gloves)
Will    .....                   (no boots)
Stlth   ..........              (no amulet)
HPRegen 0.18/turn               (no ring)
MPRegen 0.09/turn               (no ring)

@: corroded
A: horns 2, retaliatory headbutt
a: Renounce Religion


You were on level 3 of the Dungeon.
You worshipped Okawaru.
Okawaru was noncommittal.
You visited 1 branch of the dungeon, and saw 4 of its levels.

You collected 144 gold pieces.

Inventory:

Hand Weapons
 a - a +0 long sword (weapon)
Armour
 b - a +0 scale mail
 c - a +1 buckler (worn)
 r - a +0 chain mail (worn)
Jewellery
 e - a ring of fire
 i - a ring of magical power
Wands
 n - a wand of flame (10)
Scrolls
 g - 3 scrolls of fog
 h - a scroll of fear
 j - a scroll of magic mapping
 p - a scroll of noise
Potions
 d - 3 potions of might
 l - 2 potions of magic
 m - a potion of ambrosia {unknown}
 o - a potion of berserk rage {unknown}
 q - a potion of curing {unknown}


   Skills:
 + Level 4.8 Fighting
 + Level 4.9 Long Blades
 + Level 5.4 Armour
 + Level 1.1 Dodging
 + Level 0.3 Stealth
 + Level 4.5 Shields


You had 5 spell levels left.
You didn't know any spells.
Your spell library was empty.

Dungeon Overview and Level Annotations

Branches:
Dungeon (4/15)
 Temple: D:4-7

Altars:
Okawaru

Shops:
D:1 [

Annotations:
D:3 2 transporters, Pikel; kalagan's ghost, amateur DECj


Innate Abilities, Weirdness & Mutations

You have a pair of horns on your head.
You reflexively headbutt those who attack you in melee.


Message History

The black bear is heavily wounded.
The black bear bites you.
The black bear claws you but does no damage.
You block the black bear's attack.
You hit the black bear.
The black bear is severely wounded.
The black bear goes berserk!
You slash the black bear!
You kill the black bear!
Okawaru accepts your kill.
You have reached level 6!
You start resting.
HP restored.
You climb downwards.
Level annotation: Pikel
There is a stone staircase leading up here.
Pikel hits you with a +1 whip of freezing.
Pikel freezes you.
You climb upwards.
Level annotation: 2 transporters, kalagan's ghost, amateur DECj
There is a stone staircase leading down here.
You closely miss Pikel. You headbutt Pikel, but do no damage.
Pikel hits you with a +1 whip of freezing.
Pikel freezes you.
You closely miss Pikel. Pikel hits you but does no damage.
You miss Pikel. You block Pikel's attack.
You barely miss Pikel. Your headbutt misses Pikel.
Pikel zaps a wand.
The bolt of acid hits you!!
Pikel zaps a wand.
The bolt of acid hits you!
* * * LOW HITPOINT WARNING * * *
The acid corrodes you!
You slash Pikel! You headbutt Pikel, but do no damage.
Pikel is moderately wounded.
Pikel hits you with a +1 whip of freezing.
* * * LOW HITPOINT WARNING * * *
Pikel freezes you.
* * * LOW HITPOINT WARNING * * *
You closely miss Pikel. You headbutt Pikel.
Pikel is moderately wounded.
Pikel hits you with a +1 whip of freezing!
You die...

..# #.##.# #...#
..####.##.# #.###
..........## #.#
#.####.....# #.# #.#
#####.# ##.## #.#
###.### #...# #.#
#.....####...### #.#
#.#.#.##K.†....# #.#
#........@.....# #.#
##.#.#.##.......#
..#####......####....##
...........###........#
...........# #.###.#..#
...........# #.#......#
.#########.###.#......#
....# #.....>........#
###.# #.#####)#.#....#


You could see Pikel.

Vanquished Creatures
  A black bear (D:3)
  A lemure (D:3)
  A hound (D:3)
  Terence (D:2)
  An iguana (D:4)
  2 orc wizards
  2 adders (D:2)
  A worm (D:2)
  A dart slug (D:2)
  8 orcs
  8 endoplasms
  4 giant cockroaches
  3 hobgoblins
  A quokka (D:1)
  8 ball pythons
  5 bats
  2 frilled lizards
  4 goblins
  8 kobolds
  3 rats
65 creatures vanquished.

Vanquished Creatures (others)
  3 fungi (D:4)
3 creatures vanquished.

Grand Total: 68 creatures vanquished

Notes
Turn   | Place    | Note
-------+----------+-------------------------------------------
     0 | D:1      | Peloso the Minotaur Fighter began the quest for the Orb.
     0 | D:1      | Reached XP level 1. HP: 19/19 MP: 0/0
   273 | D:1      | Reached XP level 2. HP: 25/27 MP: 1/1
   316 | D:1      | Reached skill level 4 in Armour
   367 | D:1      | Found Archusa's Armour Shop.
  1205 | D:2      | Reached XP level 3. HP: 27/33 MP: 2/2
  1735 | D:2      | Noticed Terence
  1744 | D:2      | Killed Terence
  1745 | D:2      | Reached XP level 4. HP: 13/40 MP: 3/3
  2519 | D:3      | Found a transporter.
  2587 | D:3      | Found a transporter.
  2591 | D:3      | Noticed kalagan's ghost (amateur DECj)
  2906 | D:3      | Found a faded altar of an unknown god.
  2946 | D:3      | Reached skill level 5 in Armour
  3058 | D:3      | Found an iron altar of Okawaru.
  3075 | D:3      | Reached XP level 5. HP: 45/47 MP: 4/4
  3136 | D:3      | Became a worshipper of Warmaster Okawaru
  3499 | D:4      | Reached skill level 1 in Dodging
  3570 | D:4      | Noticed a lemure
  3570 | D:4      | Noticed a black bear
  3570 | D:4      | Noticed Pikel
  3571 | D:4      | Noticed a lemure
  3643 | D:3      | Killed a lemure
  3658 | D:3      | Killed a black bear
  3659 | D:3      | Reached XP level 6. HP: 37/55 MP: 5/5
  3765 | D:3      | Slain by Pikel

Illustrated notes

Levels and vault maps discovered:
D:1:      amcnicky_arrival_abandoned_market, layout_basic, serial_shops, shop
D:2:      layout_basic, kennysheep_generic_room_12, uniq_terence
D:3:      layout_loops_ring, okawaru_trees_1, gammafunk_ghost_mausoleum,
          shapermc_ecumenical_altar_ellora
D:4:      layout_basic, nicolae_overflow_hallway_of_the_gods,
          hangedman_decor_lopped, minmay_manual_mandibuliform,
          uniq_crazy_yiuf_cottage, uniq_sigmund, uniq_pikel

Skill      XL: |  1  2  3  4  5 |
---------------+----------------+-----
Armour         | 4 5 |  5.4
Fighting       | 4 |  4.8
Shields        | 4 |  4.5
Long Blades    | 3 4 |  4.9
Dodging        | 1 |  1.1
Stealth        | |  0.3

Action                   |  1- 3 |  4- 6 || total
-------------------------+-------+-------++-------
Melee: Long sword        |    74 |   100 ||   174
       Headbutt          |     6 |    16 ||    22
  Use: Scroll            |     3 |     5 ||     8
Armor: Scale mail        |    34 |    40 ||    74
       Chain mail        |       |    15 ||    15
Dodge: Dodged            |    31 |    46 ||    77
Block: Buckler           |    24 |    26 ||    50
